DBL
MILWAUKEE CREAMS @ KANSAS CITY ROYALS
04/13/1997
 
TOP OF THE 1ST
Milwaukee Creams batting - Pitching for Kansas City Royals : LHP Denny Neagle
Pitching: LHP Denny Neagle
Batting: LHB Tom Goodwin 0-0: Bunted foul
0-1: Swinging Strike
0-2: Ball
1-2: Foul Ball, location: 2F
1-2: Foul Ball, location: 2F
1-2: Foul Ball, location: 2F
1-2: Ground out U3 (Groundball, 34, EV 98.8 MPH)
Batting: RHB Mark Loretta 0-0: Ball
1-0: SINGLE (Groundball, 56D, EV 104.4 MPH)
Batting: SHB Chipper Jones 0-0: Foul Ball, location: 2F
0-1: Ball
1-1: SINGLE (Line Drive, 6MD, EV 93.8 MPH)
Mark Loretta to second
Batting: SHB Ken Caminiti 0-0: Ball
1-0: DOUBLE (Flyball, 8LXD, EV 88.1 MPH)
Mark Loretta scores
Chipper Jones to third
Batting: LHB Carlos Delgado 0-0: Fly out, F7 (Flyball, 78S, EV 90.6 MPH)
Batting: SHB Jorge Posada 0-0: Fly out, F8 (Line Drive, 8RD, EV 91.9 MPH)
Top of the 1st over - 1 run, 3 hits, 0 errors, 2 left on base; Milwaukee 1 - Kansas City 0
BOTTOM OF THE 1ST
Kansas City Royals batting - Pitching for Milwaukee Creams : RHP Kelly Downs
Pitching: RHP Kelly Downs
Batting: SHB Roberto Alomar 0-0: Swinging Strike
0-1: Ball
1-1: Foul Ball, location: 2F
1-2: Ball
2-2: Ball
3-2: Fly out, F8 (Line Drive, 8LD, EV 96.9 MPH)
Batting: LHB Ray Lankford 0-0: Foul Ball, location: 2F
0-1: Swinging Strike
0-2: SOLO HOME RUN (Flyball, 9LD, EV 95.0 MPH), Distance : 350 ft
Batting: LHB Jim Thome 0-0: Ball
1-0: Called Strike
1-1: Ball
2-1: Foul Ball, location: 2F
2-2: Foul Ball, location: 2F
2-2: Ball
3-2: TRIPLE (Line Drive, 78XD, EV 108.1 MPH)
Batting: LHB Jeromy Burnitz 0-0: Foul Ball, location: 2F
0-1: Fly out, F9 (Flyball, 9S, EV 92.5 MPH)
Batting: LHB Rick Wilkins 0-0: Swinging Strike
0-1: Swinging Strike
0-2: Ball
1-2: Foul Ball, location: 2F
1-2: Strikes out swinging
Bottom of the 1st over - 1 run, 2 hits, 0 errors, 1 left on base; Milwaukee 1 - Kansas City 1
TOP OF THE 2ND
Milwaukee Creams batting - Pitching for Kansas City Royals : LHP Denny Neagle
Batting: LHB John Elway 0-0: Ball
1-0: Called Strike
1-1: Ball
2-1: SOLO HOME RUN (Flyball, 9D, EV 105.0 MPH), Distance : 409 ft
Batting: SHB Gerald Young 0-0: Ball
1-0: Bunt missed!
1-1: Called Strike
1-2: Strikes out swinging
Batting: RHB Rey Sanchez 0-0: SINGLE (Groundball, 34D, EV 96.9 MPH)
Batting: LHB Tom Goodwin 0-0: Called Strike
0-1: Foul Ball, location: 2F
0-2: Foul Ball, location: 2F
0-2: Ball
1-2: Grounds into double play, 4-6-3 (Groundball, 4, EV 85.6 MPH)
Top of the 2nd over - 1 run, 2 hits, 0 errors, 0 left on base; Milwaukee 2 - Kansas City 1
BOTTOM OF THE 2ND
Kansas City Royals batting - Pitching for Milwaukee Creams : RHP Kelly Downs
Batting: RHB Barry Larkin 0-0: Ball
1-0: Swinging Strike
1-1: Fly out, F9 (Flyball, 9S, EV 86.9 MPH)
Batting: RHB Richard Hidalgo 0-0: Called Strike
0-1: Swinging Strike
0-2: Strikes out looking
Batting: RHB Andruw Jones 0-0: Called Strike
0-1: Ball
1-1: Foul Ball, location: 2F
1-2: Strikes out swinging
Bottom of the 2nd over - 0 runs, 0 hits, 0 errors, 0 left on base; Milwaukee 2 - Kansas City 1
TOP OF THE 3RD
Milwaukee Creams batting - Pitching for Kansas City Royals : LHP Denny Neagle
Batting: RHB Mark Loretta 0-0: Ball
1-0: SINGLE (Groundball, 56D, EV 99.4 MPH)
Batting: SHB Chipper Jones 0-0: Called Strike
0-1: Ball
Wild Pitch!
Mark Loretta to second
1-1: Called Strike
1-2: Strikes out swinging
Batting: SHB Ken Caminiti 0-0: Ball
1-0: Foul Ball, location: 2F
1-1: Ground out U3 (Groundball, 34, EV 84.4 MPH)
Mark Loretta to third
Batting: LHB Carlos Delgado 0-0: Called Strike
0-1: Ball
1-1: Foul Ball, location: 2F
1-2: Strikes out swinging
Top of the 3rd over - 0 runs, 1 hit, 0 errors, 1 left on base; Milwaukee 2 - Kansas City 1
BOTTOM OF THE 3RD
Kansas City Royals batting - Pitching for Milwaukee Creams : RHP Kelly Downs
Batting: RHB Tim Naehring 0-0: DOUBLE (Flyball, 89XD, EV 101.9 MPH)
Batting: SHB Roberto Alomar 0-0: Bunt missed!
0-1: Ball
1-1: Sac Bunt to 15S - play at first, batter OUT! 1-4
Tim Naehring to third
Batting: LHB Ray Lankford 0-0: Ball
1-0: Ball
2-0: Ball
3-0: Base on Balls
Batting: LHB Jim Thome 0-0: Ball
Ray Lankford steals 2nd base
1-0: Ball
2-0: Ball
3-0: Base on Balls
Batting: LHB Jeromy Burnitz 0-0: Called Strike
0-1: Ball
1-1: Swinging Strike
1-2: Ball
2-2: Foul Ball, location: 2F
2-2: Strikes out swinging
Batting: LHB Rick Wilkins 0-0: Fly out, F8 (Line Drive, 8RM, EV 91.9 MPH)
Bottom of the 3rd over - 0 runs, 1 hit, 0 errors, 3 left on base; Milwaukee 2 - Kansas City 1
TOP OF THE 4TH
Milwaukee Creams batting - Pitching for Kansas City Royals : LHP Denny Neagle
Batting: SHB Jorge Posada 0-0: Ball
1-0: Called Strike
1-1: Ball
2-1: Foul Ball, location: 2F
2-2: Strikes out swinging
Batting: LHB John Elway 0-0: Called Strike
0-1: Swinging Strike
0-2: Ball
1-2: Foul Ball, location: 2F
1-2: Ball
2-2: Strikes out looking
Batting: SHB Gerald Young 0-0: Ball
1-0: Bunt missed!
1-1: Fly out, F7 (Line Drive, 7, EV 98.8 MPH)
Top of the 4th over - 0 runs, 0 hits, 0 errors, 0 left on base; Milwaukee 2 - Kansas City 1
BOTTOM OF THE 4TH
Kansas City Royals batting - Pitching for Milwaukee Creams : RHP Kelly Downs
Batting: RHB Barry Larkin 0-0: Ball
1-0: Called Strike
1-1: Foul Ball, location: 2F
1-2: Foul Ball, location: 2F
1-2: Foul Ball, location: 2F
1-2: DOUBLE (Groundball, 5L, EV 100.6 MPH)
Batting: RHB Richard Hidalgo 0-0: Swinging Strike
0-1: Ground out 6-3 (Groundball, 6, EV 85.0 MPH)
Batting: RHB Andruw Jones 0-0: Called Strike
0-1: Swinging Strike
0-2: Ball
1-2: Strikes out swinging
Batting: RHB Tim Naehring 0-0: Ball
1-0: Swinging Strike
1-1: Fly out, F5 (Popup, 56, EV 81.9 MPH)
Bottom of the 4th over - 0 runs, 1 hit, 0 errors, 1 left on base; Milwaukee 2 - Kansas City 1
TOP OF THE 5TH
Milwaukee Creams batting - Pitching for Kansas City Royals : LHP Denny Neagle
Batting: RHB Rey Sanchez 0-0: Ball
1-0: Called Strike
1-1: Ball
2-1: Ground out 4-3 (Groundball, 4M, EV 91.3 MPH)
Batting: LHB Tom Goodwin 0-0: Swinging Strike
0-1: Foul Ball, location: 2F
0-2: Strikes out looking
Batting: RHB Mark Loretta 0-0: Ground out 4-3 (Groundball, 4M, EV 81.9 MPH)
Top of the 5th over - 0 runs, 0 hits, 0 errors, 0 left on base; Milwaukee 2 - Kansas City 1
BOTTOM OF THE 5TH
Kansas City Royals batting - Pitching for Milwaukee Creams : RHP Kelly Downs
Batting: SHB Roberto Alomar 0-0: Ball
1-0: Ball
2-0: Ground out U3 (Groundball, 3L, EV 78.1 MPH)
Batting: LHB Ray Lankford 0-0: Foul Ball, location: 2F
0-1: Ball
1-1: Ball
2-1: Foul Ball, location: 2F
2-2: Foul Ball, location: 2F
2-2: Ball
3-2: Base on Balls
Batting: LHB Jim Thome 0-0: Fly out, F6 (Line Drive, 6, EV 65.6 MPH)
Batting: LHB Jeromy Burnitz 0-0: Ball
1-0: Called Strike
1-1: SINGLE (Line Drive, 8RS, EV 100.0 MPH)
Ray Lankford to second
Runner from 2nd tries for 3rd, SAFE, no throw by CF
Batting: LHB Rick Wilkins 0-0: Called Strike
0-1: DOUBLE (Line Drive, 7LM, EV 101.3 MPH)
Ray Lankford scores
Jeromy Burnitz to third
Batting: RHB Barry Larkin 0-0: DOUBLE (Line Drive, 9LM, EV 86.9 MPH)
Jeromy Burnitz scores
Rick Wilkins scores
Batting: RHB Richard Hidalgo 0-0: Swinging Strike
0-1: Fly out, F9 (Flyball, 9, EV 88.8 MPH)
Bottom of the 5th over - 3 runs, 3 hits, 0 errors, 1 left on base; Milwaukee 2 - Kansas City 4
TOP OF THE 6TH
Milwaukee Creams batting - Pitching for Kansas City Royals : LHP Denny Neagle
Batting: SHB Chipper Jones 0-0: Ball
1-0: Foul Ball, location: 2F
1-1: Foul Ball, location: 2F
1-2: Ball
2-2: Ball
3-2: Ground out 6-3 (Groundball, 6, EV 83.1 MPH)
Batting: SHB Ken Caminiti 0-0: Called Strike
0-1: Foul Ball, location: 2F
0-2: Foul Ball, location: 2F
0-2: SINGLE (Groundball, 56D, EV 97.5 MPH)
Pitching: RHP John Habyan
Batting: LHB Carlos Delgado 0-0: Ball
1-0: Ball
2-0: Fly out, F8 (Flyball, 8LS, EV 80.6 MPH)
Batting: SHB Jorge Posada 0-0: Called Strike
0-1: Ball
1-1: Swinging Strike
1-2: Ball
2-2: Foul Ball, location: 2F
2-2: Strikes out swinging
Top of the 6th over - 0 runs, 1 hit, 0 errors, 1 left on base; Milwaukee 2 - Kansas City 4
BOTTOM OF THE 6TH
Kansas City Royals batting - Pitching for Milwaukee Creams : RHP Kelly Downs
Batting: RHB Andruw Jones 0-0: Ball
1-0: Ball
2-0: Foul Ball, location: 2F
2-1: Called Strike
2-2: Ground out 6-3 (Groundball, 6M, EV 81.3 MPH)
Batting: RHB Tim Naehring 0-0: Foul Ball, location: 2F
0-1: Fly out, F8 (Flyball, 8LM, EV 94.4 MPH)
Batting: SHB Roberto Alomar 0-0: Called Strike
0-1: Ball
1-1: Called Strike
1-2: Ball
2-2: Ball
3-2: DOUBLE (Flyball, 9LD, EV 101.3 MPH)
Pitching: RHP Billy Taylor
Batting: LHB Ray Lankford 0-0: Ball
1-0: Ball
2-0: Called Strike
2-1: Ball
3-1: Base on Balls
Batting: LHB Jim Thome 0-0: Ground out U3 (Groundball, 3, EV 107.5 MPH)
Bottom of the 6th over - 0 runs, 1 hit, 0 errors, 2 left on base; Milwaukee 2 - Kansas City 4
TOP OF THE 7TH
Milwaukee Creams batting - Pitching for Kansas City Royals : RHP John Habyan
Batting: LHB John Elway 0-0: Called Strike
0-1: Foul Ball, location: 2F
0-2: Strikes out swinging
Batting: SHB Gerald Young 0-0: Swinging Strike
0-1: Ball
1-1: Swinging Strike
1-2: Ball
2-2: Strikes out swinging
Batting: RHB Rey Sanchez 0-0: SINGLE (Groundball, 4D, EV 111.3 MPH)
Batting: LHB Tom Goodwin 0-0: Called Strike
0-1: Ball
1-1: 2-RUN HOME RUN (Flyball, 9D, EV 92.5 MPH), Distance : 375 ft
Batting: RHB Mark Loretta 0-0: Ball
1-0: Ball
2-0: Called Strike
2-1: SINGLE (Flyball, 56D, EV 93.1 MPH)
Batting: SHB Chipper Jones 0-0: Ball
1-0: Foul Ball, location: 2F
1-1: 2-RUN HOME RUN (Flyball, 9D, EV 105.6 MPH), Distance : 361 ft
Pitching: RHP Gregg Olson
Batting: SHB Ken Caminiti 0-0: Ball
1-0: Ball
2-0: Called Strike
2-1: Ball
3-1: Base on Balls
Batting: LHB Carlos Delgado 0-0: Foul Ball, location: 2F
0-1: Fielders Choice at 2nd, U6 (Groundball, 6M, EV 104.4 MPH)
Top of the 7th over - 4 runs, 4 hits, 0 errors, 1 left on base; Milwaukee 6 - Kansas City 4
BOTTOM OF THE 7TH
Kansas City Royals batting - Pitching for Milwaukee Creams : RHP Billy Taylor
Batting: LHB Jeromy Burnitz 0-0: Called Strike
0-1: Ball
1-1: Ball
2-1: Ball
3-1: Called Strike
3-2: Foul Ball, location: 2F
3-2: SINGLE (Flyball, 9LS, EV 93.1 MPH)
Batting: LHB Rick Wilkins 0-0: Ball
1-0: Bunt missed!
1-1: Bunt missed!
1-2: Ball
2-2: Foul Ball, location: 2F
2-2: Strikes out swinging
Batting: RHB Barry Larkin 0-0: Ball
1-0: Ball
2-0: Ball
3-0: Called Strike
3-1: Foul Ball, location: 2F
3-2: Base on Balls
Jeromy Burnitz to second
Pitching: LHP Rob Murphy
Batting: RHB Richard Hidalgo 0-0: Foul Ball, location: 2F
0-1: Ball
1-1: Ball
2-1: Fly out, F8 (Flyball, 8LS, EV 78.8 MPH)
Batting: RHB Andruw Jones 0-0: Ball
1-0: Ball
2-0: Called Strike
2-1: Ball
3-1: Base on Balls
Jeromy Burnitz to third
Barry Larkin to second
Batting: RHB Tim Naehring 0-0: Ball
1-0: Foul Ball, location: 2F
1-1: Ball
2-1: SINGLE (Groundball, 6MD, EV 107.5 MPH)
Jeromy Burnitz scores
Barry Larkin to third
Andruw Jones to second
Runner from 3rd tries for Home, SAFE, throw by CF to home
Batting: SHB Roberto Alomar 0-0: Foul Ball, location: 2F
0-1: Swinging Strike
0-2: Foul Ball, location: 2F
0-2: Strikes out swinging
Bottom of the 7th over - 2 runs, 2 hits, 0 errors, 2 left on base; Milwaukee 6 - Kansas City 6
TOP OF THE 8TH
Milwaukee Creams batting - Pitching for Kansas City Royals : RHP Gregg Olson
Batting: SHB Jorge Posada 0-0: SINGLE (Line Drive, 4MD, EV 99.4 MPH)
Batting: LHB John Elway 0-0: Ball
1-0: Foul Ball, location: 2F
1-1: Foul Ball, location: 2F
1-2: Foul Ball, location: 2F
1-2: Strikes out looking
Batting: SHB Gerald Young 0-0: Swinging Strike
0-1: Foul Ball, location: 2F
0-2: Foul Ball, location: 2F
0-2: Ball
1-2: Ball
2-2: Ground out 6-3 (Groundball, 6, EV 83.1 MPH)
Jorge Posada to second
Batting: RHB Rey Sanchez 0-0: Ground out 1-3 (Groundball, 25, EV 67.5 MPH)
Top of the 8th over - 0 runs, 1 hit, 0 errors, 1 left on base; Milwaukee 6 - Kansas City 6
BOTTOM OF THE 8TH
Kansas City Royals batting - Pitching for Milwaukee Creams : LHP Rob Murphy
Batting: LHB Ray Lankford 0-0: Called Strike
0-1: Swinging Strike
0-2: Ball
1-2: Ball
2-2: Fly out, F7 (Flyball, 7S, EV 90.6 MPH)
Batting: LHB Jim Thome 0-0: Foul Ball, location: 2F
0-1: Ball
1-1: Foul Ball, location: 2F
1-2: Ball
2-2: Ball
3-2: Ground out 4-3 (Groundball, 4, EV 103.8 MPH)
Batting: LHB Jeromy Burnitz 0-0: Ball
1-0: Fly out, F8 (Line Drive, 8LD, EV 91.3 MPH)
Bottom of the 8th over - 0 runs, 0 hits, 0 errors, 0 left on base; Milwaukee 6 - Kansas City 6
TOP OF THE 9TH
Milwaukee Creams batting - Pitching for Kansas City Royals : RHP Gregg Olson
Batting: LHB Tom Goodwin 0-0: Ball
1-0: SINGLE (Line Drive, 4MD, EV 101.9 MPH)
Batting: RHB Mark Loretta 0-0: Bunted foul
0-1: Ball
1-1: Ball
2-1: Ball
3-1: Bunt missed!
3-2: Strikes out looking
Tom Goodwin steals 2nd base (no throw)
Batter strikes out.
Pitching: RHP Armando Benitez
Batting: SHB Chipper Jones 0-0: Foul Ball, location: 2F
0-1: Foul Ball, location: 2F
0-2: Foul Ball, location: 2F
0-2: Strikes out swinging
Batting: SHB Ken Caminiti 0-0: Swinging Strike
0-1: Ball
1-1: Ball
2-1: Swinging Strike
2-2: Foul Ball, location: 2F
2-2: Ball
3-2: Foul Ball, location: 2F
3-2: Base on Balls
Batting: LHB Carlos Delgado 0-0: Ball
1-0: Foul Ball, location: 2F
1-1: Foul Ball, location: 2F
1-2: Ball
2-2: Strikes out swinging
Top of the 9th over - 0 runs, 1 hit, 0 errors, 2 left on base; Milwaukee 6 - Kansas City 6
BOTTOM OF THE 9TH
Kansas City Royals batting - Pitching for Milwaukee Creams : LHP Rob Murphy
Pinch Hitting: RHB Randy Milligan 0-0: Called Strike
0-1: Foul Ball, location: 2F
0-2: Ball
1-2: Ground out 6-3 (Groundball, 56, EV 83.8 MPH)
Batting: RHB Barry Larkin 0-0: Ball
1-0: Ball
2-0: Called Strike
2-1: Ground out 6-3 (Groundball, 6, EV 91.9 MPH)
Pitching: LHP Jeff Calhoun
Batting: RHB Richard Hidalgo 0-0: Fly out, F7 (Flyball, 7D, EV 91.9 MPH)
Bottom of the 9th over - 0 runs, 0 hits, 0 errors, 0 left on base; Milwaukee 6 - Kansas City 6
TOP OF THE 10TH
Milwaukee Creams batting - Pitching for Kansas City Royals : RHP Armando Benitez
Now at C: Tony Eusebio
Batting: SHB Jorge Posada 0-0: Foul Ball, location: 2F
0-1: Ball
1-1: Foul Ball, location: 2F
1-2: Ball
2-2: Ball
3-2: Foul Ball, location: 2F
3-2: Fly out, F8 (Flyball, 89D, EV 104.4 MPH)
Batting: LHB John Elway 0-0: Swinging Strike
0-1: Called Strike
0-2: Ground out 4-3 (Groundball, 4M, EV 88.8 MPH)
Batting: SHB Gerald Young 0-0: Ball
1-0: Swinging Strike
1-1: Foul Ball, location: 2F
1-2: Strikes out swinging
Top of the 10th over - 0 runs, 0 hits, 0 errors, 0 left on base; Milwaukee 6 - Kansas City 6
BOTTOM OF THE 10TH
Kansas City Royals batting - Pitching for Milwaukee Creams : LHP Jeff Calhoun
Batting: RHB Andruw Jones 0-0: Ground out 1-3 (Groundball, P, EV 83.8 MPH)
Batting: RHB Tim Naehring 0-0: Foul Ball, location: 2F
0-1: Ball
1-1: Ball
2-1: Ground out 1-3 (Groundball, 15S, EV 70.6 MPH)
Batting: SHB Roberto Alomar 0-0: Ball
1-0: Called Strike
1-1: Ball
2-1: Ball
3-1: Base on Balls
Batting: LHB Ray Lankford 0-0: Called Strike
Roberto Alomar steals 2nd base
0-1: SINGLE (Line Drive, 78S, EV 95.0 MPH)
Roberto Alomar to third
Runner from 3rd tries for Home, SAFE, throw by CF to home
Monday, January 26th, 2026 - OOTP Baseball 20.8 Build 74